 Dungeon Crawl Stone Soup version 0.21-a0-513-gdcb3f5e (webtiles) character file.

375 slep the Chopper (level 6, -2/47 HPs)
             Began as a Barachi Gladiator on Dec 1, 2017.
             Slain by a leopard gecko (4 damage)
             ... on level 4 of the Dungeon.
             The game lasted 00:07:37 (2399 turns).

slep the Chopper (Barachi Gladiator)                Turns: 2399, Time: 00:07:38

Health: -2/47      AC:  7    Str: 15 (16) XL:     6   Next: 73%
Magic:  6/6        EV: 13    Int:  9 (12) God:
Gold:   207        SH:  0    Dex: 13 (14) Spells: 5/5 levels left

rFire    . . .     SeeInvis .   a - +0 war axe
rCold    + . .     Gourm    .   (no shield)
rNeg     . . .     Faith    .   y - +3 leather armour
rPois    .         Spirit   .   v - +0 helmet "Pokloapo" {rC+ Int+3} (curse)
rElec    .         Reflect  .   (no cloak)
rCorr    .         Harm     .   (no gloves)
MR       .....                  (no boots)
Stlth    +.........             (no amulet)
HPRegen  0.15/turn              h - ring of flight
MPRegen  0.10/turn              (no ring)

@: slow
A: +LOS, swims, slowness 1, strong legs 1
a: Hop, Evoke Flight


You were on level 4 of the Dungeon.
You were not hungry.

You visited 1 branch of the dungeon, and saw 4 of its levels.

You collected 207 gold pieces.

Inventory:

Hand Weapons
 a - a +0 war axe (weapon)
Missiles
 d - 3 throwing nets (quivered)
Armour
 b - a +0 leather armour
 c - a +0 helmet
 q - a +0 ring mail
 v - the cursed +0 helmet "Pokloapo" (worn) {rC+ Int+3}
   (You took it off Robin on level 2 of the Dungeon)

   It affects your intelligence (+3).
   It protects you from cold.
   It has a curse placed upon it.
 y - a +3 leather armour (worn)
Jewellery
 h - a ring of flight (left hand)
Wands
 x - a wand of disintegration (14)
Scrolls
 e - 6 scrolls of remove curse {unknown}
 n - 2 scrolls of amnesia {unknown}
 o - a scroll of teleportation {unknown}
 p - a scroll of identify {unknown}
 t - a scroll of enchant armour {unknown}
 w - a scroll of fear {unknown}
Potions
 g - a potion of heal wounds {unknown}
 i - a potion of brilliance {unknown}
 j - a potion of degeneration
 k - a potion of resistance {unknown}
 l - a potion of mutation {unknown}
 m - a potion of haste {unknown}
 s - a potion of berserk rage
Comestibles
 f - 3 bread rations
 r - a fruit
 u - 2 meat rations
 z - 2 chunks of flesh
 A - a royal jelly


   Skills:
 + Level 3.5 Fighting
 + Level 6.4 Axes
 + Level 2.2 Throwing
 + Level 2.6 Armour
 + Level 4.2 Dodging
 + Level 0.3 Stealth


You had 5 spell levels left.
You didn't know any spells.

Dungeon Overview and Level Annotations

Branches:
Dungeon (4/15)
 Temple: D:4-7

Altars:

Annotations:
D:4 slep's ghost, novice BaGl


Innate Abilities, Weirdness & Mutations

Shadows flee at your approach. (+LOS)
You can swim through water.
You cover ground slowly.
You can hop short distances.


Message History

Slep's ghost is heavily damaged.
You hit the leopard gecko but do no damage.
The leopard gecko bites you but does no damage.
Slep's ghost misses you.
You closely miss slep's ghost.
Slep's ghost is heavily damaged.
You closely miss the leopard gecko. The leopard gecko misses you.
Slep's ghost hits you but does no damage.
The leopard gecko closely misses you.
You closely miss slep's ghost.
Slep's ghost is heavily damaged.
You miss the leopard gecko.
The leopard gecko completely misses you.
Slep's ghost hits you!
* * * LOW HITPOINT WARNING * * *
It was a potion of degeneration.
There was something very wrong with that liquid.
You feel weakened.
You feel dopey.
You feel clumsy. The leopard gecko bites you.
You die...

#...# .. ##...#
... #....# ..#
#.... ...# ##...#
#..##....#
#......########
#...(.........
#...@l......# ####
#..#.W.......
#.)###.###.....!..
##..##..# ........
##....#..##
#.......
#.........##
#......
##......#...##
......
#<.....###...#
#....#
##.......###..##
##.## ##


You could see slep's ghost and a leopard gecko.

Vanquished Creatures
  Sigmund (D:3)
  2 orc priests
  Ijyb (D:4)
  Robin (D:2)
  An adder (D:3)
  A shadow imp (D:2)
  3 oozes
  3 dart slugs
  3 leopard geckos
  5 orcs
  11 bats
  3 giant cockroaches (D:3)
  13 goblins
  11 hobgoblins
  6 jackals
  9 kobolds
  4 frilled lizards
  6 rats
84 creatures vanquished.

Notes
Turn   | Place    | Note
-------+----------+-------------------------------------------
     0 | D:1      | slep the Barachi Gladiator began the quest for the Orb.
     0 | D:1      | Reached XP level 1. HP: 17/17 MP: 1/1
    54 | D:1      | Reached XP level 2. HP: 17/23 MP: 2/2
   329 | D:1      | Reached skill level 4 in Axes
   332 | D:1      | Reached XP level 3. HP: 26/28 MP: 3/3
   949 | D:2      | Reached XP level 4. HP: 32/34 MP: 4/4
  1118 | D:2      | Noticed Robin
  1126 | D:2      | Killed Robin
  1139 | D:2      | Got a faintly glowing helmet
  1150 | D:2      | Identified the cursed +0 helmet "Pokloapo" {rC+ Int+3} (You took it off Robin on level 2 of the Dungeon)
  1413 | D:3      | Reached skill level 5 in Axes
  1454 | D:3      | Reached skill level 1 in Armour
  1454 | D:3      | Reached XP level 5. HP: 6/41 MP: 5/5
  1835 | D:3      | Noticed Sigmund
  1855 | D:3      | Killed Sigmund
  1855 | D:3      | Reached skill level 6 in Axes
  1855 | D:3      | Reached XP level 6. HP: 26/47 MP: 6/6
  2217 | D:4      | Noticed Ijyb
  2234 | D:4      | Killed Ijyb
  2386 | D:4      | Noticed slep's ghost (novice BaGl)
  2398 | D:4      | HP: 2/47 [slep's ghost (12)]
  2399 | D:4      | Slain by a leopard gecko

Vault maps used:
D:1:      dpeg_arrival_rhombus
D:2:      uniq_robin
D:3:      first_bread, uniq_sigmund
D:4:      uniq_ijyb

Skill      XL: |  1  2  3  4  5 |
---------------+----------------+-----
Axes           | 4 5 6 |  6.4
Fighting       | 3 |  3.5
Armour         | 1 2 |  2.6
Dodging        | 4 |  4.2
Throwing       | |  2.2
Stealth        | |  0.3

Action                   |  1- 3 |  4- 6 || total
-------------------------+-------+-------++-------
Melee: War axe           |    94 |   140 ||   234
  Use: Potion            |       |     1 ||     1
  Eat: Chunk             |       |     6 ||     6
Armor: Leather armour    |    26 |    10 ||    36
       Ring mail         |    10 |    32 ||    42
Dodge: Dodged            |    95 |   123 ||   218

Table legend:
 A = Spawn XP
 B = Non-spawn XP
 C = Spawn XP percentage of total XP
 D = Spawn monster count
 E = Non-spawn monster count
 F = Spawn count percentage of total count
 G = Total turns spent on level
                    A         B        C        D         E        F      G
               +---------+---------+-------+---------+---------+-------+---------
         Total |       0 |     537 |   0.0 |       0 |      84 |   0.0 |  2399
               +---------+---------+-------+---------+---------+-------+---------
           D:1 |       0 |      60 |   0.0 |       0 |      29 |   0.0 |   615
           D:2 |       0 |      70 |   0.0 |       0 |      27 |   0.0 |   703
           D:3 |       0 |     320 |   0.0 |       0 |      23 |   0.0 |   883
           D:4 |       0 |      87 |   0.0 |       0 |       5 |   0.0 |   198
               +---------+---------+-------+---------+---------+-------+---------
